 Dungeon Crawl Stone Soup version 0.21.1-1-g345015f (webtiles) character file.

88 keltmir the Cudgeler (level 4, -4/34 HPs)
             Began as a Demonspawn Gladiator on Mar 20, 2018.
             Was an Initiate of Makhleb.
             Slain by a gnoll
             ... wielding a +1 flail of crushing
              (7 damage)
             ... on level 2 of the Dungeon.
             The game lasted 00:05:55 (1470 turns).

keltmir the Cudgeler (Demonspawn Gladiator)         Turns: 1470, Time: 00:05:56

Health: -4/34      AC:  3    Str: 19    XL:     4   Next: 29%
Magic:  4/4        EV: 15    Int:  9    God:    Makhleb [......]
Gold:   80         SH:  0    Dex: 15    Spells: 3/3 levels left

rFire    . . .     SeeInvis .   a - +0 flail
rCold    . . .     Gourm    .   (no shield)
rNeg     . . .     Faith    .   b - +0 leather armour
rPois    .         Spirit   .   (helmet restricted)
rElec    .         Reflect  .   (no cloak)
rCorr    .         Harm     .   (no gloves)
MR       .....                  (no boots)
Stlth    +.........             (no amulet)
HPRegen  0.11/turn              (no ring)
MPRegen  0.09/turn              (no ring)

@: no status effects
A: antennae 1, repulsion field 1, strong 2
a: Renounce Religion


You were on level 2 of the Dungeon.
You worshipped Makhleb.
Makhleb was noncommittal.
You were not hungry.

You visited 1 branch of the dungeon, and saw 2 of its levels.

You collected 80 gold pieces.

Inventory:

Hand Weapons
 a - a +0 flail (weapon)
Missiles
 d - 3 throwing nets (quivered)
Armour
 b - a +0 leather armour (worn)
 c - a +0 helmet
Jewellery
 n - an uncursed ring of protection from fire {unknown}
Scrolls
 e - 3 scrolls of teleportation
 j - a scroll of magic mapping {unknown}
 k - a scroll of blinking {unknown}
 l - 2 scrolls of identify {unknown}
 m - a scroll of random uselessness {unknown}
Potions
 g - a potion of degeneration {unknown}
 o - a potion of curing {unknown}
Comestibles
 f - 7 rations
 i - 2 chunks of flesh


   Skills:
 + Level 2.6 Fighting
 * Level 3.5 Maces & Flails
 - Level 1.7 Throwing
 + Level 1.3 Armour
 + Level 3.1 Dodging
 + Level 1.3 Invocations


You had 3 spell levels left.
You didn't know any spells.

Dungeon Overview and Level Annotations

Branches:
Dungeon (2/15)

Altars:
Makhleb


Innate Abilities, Weirdness & Mutations

You are surrounded by a mild repulsion field. (EV +2)
You have a pair of small antennae on your head.
Your muscles are very strong. (Str +4)


Message History

You closely miss the gnoll. The gnoll misses you.
You hit the gnoll.
The gnoll is lightly wounded.
The gnoll closely misses you.
You hit the gnoll but do no damage.
The gnoll is lightly wounded.
The gnoll hits you with a flail of crushing.
You hit the gnoll.
The gnoll is heavily wounded.
The gnoll misses you.
You hit the gnoll.
The gnoll is almost dead.
The gnoll hits you with a flail of crushing!
* * * LOW HITPOINT WARNING * * *
x2 It was a potion of mutation.
You feel extremely strange. A pair of antennae grows on your head!
Your +0 helmet falls away!
You feel stronger. x2
The gnoll hits you with a flail of crushing!
You die...

..## ...# g........
...$..##.
.........) ###
#.l...##### ..
#####.......
##.#####...........
#.. #.@g.###.......
#.# #.###.........#
##.###.# .###....##
# #......# .#
..######## #.#....#
.# #.# #....
######.#...[# #.#
.. #.###
#......###### ..#
#.# #...( #...####
#.## ##### #...##
..


You could see a gnoll.

Vanquished Creatures
  4 adders (D:2)
  A gnoll (D:2)
  A dart slug (D:2)
  5 bats
  A giant cockroach (D:1)
  2 goblins
  6 hobgoblins
  4 jackals (D:1)
  A quokka (D:2)
  A frilled lizard (D:1)
  7 kobolds
  8 rats
41 creatures vanquished.

Notes
Turn   | Place    | Note
-------+----------+-------------------------------------------
     0 | D:1      | keltmir the Demonspawn Gladiator began the quest for the Orb.
     0 | D:1      | Reached XP level 1. HP: 16/16 MP: 1/1
   117 | D:1      | Gained mutation: You are surrounded by a mild repulsion field. (EV +2) [demonic ancestry]
   117 | D:1      | Reached XP level 2. HP: 20/22 MP: 2/2
   712 | D:2      | Found a burning altar of Makhleb.
   712 | D:2      | Noticed a green death
   717 | D:2      | Noticed a smoke demon
   717 | D:2      | Noticed a hellwing
   719 | D:2      | Became a worshipper of Makhleb the Destroyer
   781 | D:2      | Reached XP level 3. HP: 25/28 MP: 3/3
   846 | D:2      | Reached skill level 1 in Armour
  1137 | D:2      | Reached skill level 1 in Invocations
  1190 | D:2      | Reached XP level 4. HP: 28/34 MP: 4/4
  1470 | D:2      | Gained mutation: You have a pair of small antennae on your head. [potion of mutation]
  1470 | D:2      | Gained mutation: Your muscles are strong. (Str +2) [potion of mutation]
  1470 | D:2      | Gained mutation: Your muscles are very strong. (Str +4) [potion of mutation]
  1470 | D:2      | Slain by a gnoll

Skill      XL: |  1  2  3 |
---------------+----------+-----
Maces & Flails | 3 |  3.5
Dodging        | 3 |  3.1
Armour         | 1 |  1.3
Invocations    | 1 |  1.3
Fighting       | |  2.6
Throwing       | |  1.7

Action                   |  1- 3 |  4- 6 || total
-------------------------+-------+-------++-------
Melee: Flail             |   123 |    16 ||   139
  Use: Scroll            |     2 |       ||     2
       Potion            |       |     1 ||     1
 Stab: Sleeping          |     1 |       ||     1
  Eat: Chunk             |     1 |     1 ||     2
Armor: Leather armour    |    42 |     2 ||    44
Dodge: Dodged            |   120 |     9 ||   129
